 Dungeon Crawl Stone Soup version 0.26.1-2-gb8aa6d0cf2 (webtiles) character file.

Game seed: 6914692946266428237

14 inc the Caller (level 2, 11/11 HPs)
             Began as a Felid Summoner on Feb 11, 2021.
             Quit the game on level 1 of the Dungeon.
             The game lasted 00:02:54 (1143 turns).

inc the Caller (Felid Summoner)                     Turns: 1143, Time: 00:02:55

Health: 11/11      AC:  1    Str:  4    XL:     2   Next: 31%
Magic:  6/6        EV: 18    Int: 16    God:
Gold:   49         SH:  0    Dex: 16    Spells: 2/5 levels left
                                        Lives:  0   Deaths: 0

rFire    . . .     SeeInvis +   (weapon unavailable)
rCold    . . .     Faith    .   (shield unavailable)
rNeg     . . .     Spirit   .   (armour unavailable)
rPois    .         Reflect  .   (helmet unavailable)
rElec    .         Harm     .   (cloak unavailable)
rCorr    .         Rampage  .   (gloves unavailable)
Will     .....                  (boots unavailable)
Stlth    +++.......             (no amulet)
HPRegen  0.03/turn              (no ring)
MPRegen  0.10/turn              (no ring)

@: quick
A: very small, no armour, no weapons or thrown items, stealth, claws 1, fangs 3,
see invisible, speed 1, shaggy fur 1, sharp paws
a: no special abilities


You were on level 1 of the Dungeon.
You visited 1 branch of the dungeon, and saw 1 of its levels.

You collected 49 gold pieces.

Inventory:

Scrolls
 c - a scroll of teleportation {unknown}
 d - 3 scrolls of remove curse {unknown}
 f - a scroll of enchant weapon {unknown}
 g - a scroll of fear {unknown}
Potions
 a - a potion of attraction {unknown}
 b - a potion of curing {unknown}
 e - a potion of ambrosia {unknown}
 h - 2 potions of flight {unknown}


   Skills:
 - Level 2.6 Dodging
 - Level 2.6 Stealth
 - Level 2.0 Spellcasting
 + Level 4.6 Summonings


You had 2 spell levels left.
You knew the following spells:

 Your Spells              Type           Power        Failure   Level
a - Summon Small Mammal   Summ           64%          3%          1
b - Call Imp              Summ           16%          4%          2

Your spell library contained the following spells:

 Spells                   Type           Power        Failure   Level
 Call Canine Familiar     Summ           16%          10%         3
 Summon Guardian Golem    Hex/Summ       9%           24%         3
 Summon Ice Beast         Ice/Summ       9%           63%         4
 Summon Lightning Spire   Summ/Air       9%           63%         4


Dungeon Overview and Level Annotations

Branches:
Dungeon (1/15)

Altars:


Innate Abilities, Weirdness & Mutations

You cannot wear armour.
You are incapable of wielding weapons or throwing items.
Your paws allow you to move quietly. (Stealth)
You have sharp claws.
You have razor-sharp teeth.
You have supernaturally acute eyesight. (SInv)
You cover ground quickly.
You are covered in fur. (AC +1)
Your sharp claws are effective at attacking unaware monsters.


Message History

The goblin completely misses you.
Your quokka bites the goblin.
The goblin dies!
Your quokka disappears in a puff of smoke!
Your rat disappears in a puff of smoke!
Magic restored.
h - 2 metallic blue potions You now have 39 gold pieces (gained 9).
Things that are here:
a +0 robe; a goblin corpse Your quokka disappears in a puff of smoke!
Your bat disappears in a puff of smoke!
Found a stone staircase leading down.
Found a leather armour.
You now have 49 gold pieces (gained 10).
You see here a leather armour.
A leopard gecko comes into view.
A leopard gecko is nearby!
A leopard gecko is nearby!
Unknown command.
Are you sure you want to abandon this character and quit the game? (Confirm with "yes".)

#. ###.........#.#
#..#.....#..##.#.#
#..#.............#
#............#.###
.#......#..# #
#......#.##
###.##.#.#
#.[..#.# #.@###.#
#........l
##.###.### ..# ..#
#..# #..# #..#


You could see a leopard gecko (asleep).

Vanquished Creatures
  A leopard gecko (D:1)
  A bat (D:1)
  A hobgoblin (D:1)
  A frilled lizard (D:1)
  A kobold (D:1)
  A rat (D:1)
6 creatures vanquished.

Vanquished Creatures (collateral kills)
  A leopard gecko (D:1)
  A bat (D:1)
  2 goblins (D:1)
  2 hobgoblins (D:1)
  2 kobolds (D:1)
  A frilled lizard (D:1)
9 creatures vanquished.

Grand Total: 15 creatures vanquished

Notes
Turn   | Place    | Note
-------+----------+-------------------------------------------
     0 | D:1      | inc the Felid Summoner began the quest for the Orb.
     0 | D:1      | Reached XP level 1. HP: 7/7 MP: 4/4
   664 | D:1      | Reached XP level 2. HP: 11/11 MP: 6/6
   705 | D:1      | Learned a level 2 spell: Call Imp
  1143 | D:1      | Quit the game

Illustrated notes

Levels and vault maps discovered:
D:1:      nicolae_arrival_memento_mori, layout_loops_ring

Action                   || total
-------------------------++-------
Melee: Unarmed           ||    36
       Bite              ||     2
 Cast: Summon Small Mamm ||    20
 Stab: Sleeping          ||     2
Armor: Skin              ||     6
Dodge: Dodged            ||    59
